 Dungeon Crawl Stone Soup version 0.31-a0-263-ge8cad7f256 (webtiles) character file.

Game seed: 13426192304677664722

24167 lunkers the Pandemonic (level 13, -3/183 HPs)
             Began as a Meteoran Shapeshifter on July 13, 2023.
             Was a High Priest of Makhleb.
             Slain by a komodo dragon (7 damage)
             ... on level 5 of the Lair of Beasts.
             The game lasted 00:22:25 (5952 turns).

lunkers the Pandemonic (Meteoran Shapeshifter)      Turns: 5952, Time: 00:22:25

Health: -3/183     AC: 26    Str: 19    XL:     13   Next: 75%
Magic:  0/34       EV:  2    Int:  9    God:    Makhleb [*****.]
Gold:   555        SH:  0    Dex: 19    Spells: 12/12 levels left

rFire   . .          .
                       - Unarmed
rCold   . . .        (no shield)
rNeg    . . .        j - melded +8 chain mail {ponderous}
rPois   +            (helmet currently unavailable)
rElec   .            (cloak currently unavailable)
rCorr   .            (gloves currently unavailable)
SInv    .            (boots currently unavailable)
Will    +....        i - amulet of guardian spirit
Stlth   +            w - ring of magical power
HPRegen 0.50/turn    (no ring)
MPRegen 0.24/turn

%: guardian spirit
@: tree-form, glowing
A: stationary, stasis, torment immunity, boosted hp, sense surroundings 2,
otherworldly, glowing, explore regen
a: Renounce Religion, Minor Destruction, Lesser Servant of Makhleb, Major
Destruction, Greater Servant of Makhleb


You were on level 5 of the Lair of Beasts.
You worshipped Makhleb.
Makhleb was extremely pleased with you.
You were a tree.
You visited 2 branches of the dungeon, and saw 14 of its levels.
You also visited: Sewer and Bailey.

You collected 555 gold pieces.

Inventory:

Missiles
 u - 4 throwing nets
Armour
 f - a +0 helmet
 j - a +8 chain mail of ponderousness (melded)
 k - a +0 troll leather armour {Pargi}
 z - +0 acid dragon scales
 B - the +9 ice dragon scales of Enudesoq {Harm rF- rC++ Str+6}
   (You found it in a bailey)

   Str:       It affects your strength (+6).
   rF:        It makes you vulnerable to fire.
   rC:        It greatly protects you from cold.
   Harm:      It increases damage dealt and taken.
 E - a +1 pair of boots
 L - a scarf of repulsion
Jewellery
 i - an amulet of guardian spirit (around neck)
 w - a ring of magical power (left branch)
 N - an amulet of regeneration
Talismans
 c - a beast talisman
Wands
 l - a wand of iceblast (20)
 m - a wand of polymorph (25)
 q - a wand of acid (5)
 t - a wand of flame (12)
 v - a wand of charming (26)
 y - a wand of digging (4)
Scrolls
 d - 4 scrolls of amnesia
 h - a scroll of enchant weapon
 s - 2 scrolls of poison
 C - 2 scrolls of immolation
 F - 2 scrolls of blinking
 G - 3 scrolls of teleportation
 J - a scroll of fear
 K - a scroll of silence
 M - a scroll of identify
Potions
 a - a potion of brilliance {unknown}
 e - a potion of attraction
 n - 2 potions of enlightenment
 o - 2 potions of ambrosia {unknown}
 p - 2 potions of resistance
 r - 2 potions of cancellation
 x - a potion of haste {unknown}
 A - a potion of invisibility {unknown}
 D - a potion of mutation {unknown}
 H - a potion of might {unknown}
 I - 3 potions of heal wounds {unknown}


   Skills:
 + Level 13.1 Fighting
 - Level 8.0 Armour
 + Level 9.4 Dodging
 - Level 12.0 Unarmed Combat
 + Level 15.1 Invocations
 - Level 3.6 Shapeshifting


You had 12 spell levels left.
You didn't know any spells.
Your spell library contained the following spells:

 Spells                   Type           Power      Damage    Failure   Level
 Blink                    Tloc           0%         N/A       52%         2
 Ensorcelled Hibernation  Hex/Ice        0%         N/A       52%         2
 Lesser Beckoning         Tloc           0%         N/A       52%         2
 Momentum Strike          Conj/Tloc      0%         3d8       52%         2
 Passwall                 Tmut/Erth      0%         N/A       52%         2
 Wereblood                Tmut           0%         N/A       52%         2
 Dazzling Flash           Conj/Hex       0%         N/A       77%         3
 Frozen Ramparts          Ice            0%         1d1       77%         3
 Swiftness                Air            0%         N/A       77%         3
 Anguish                  Hex/Necr       0%         N/A       99%         4
 Cause Fear               Hex            0%         N/A       99%         4
 Petrify                  Tmut/Erth      0%         N/A       99%         4
 Agony                    Necr           0%         N/A       100%        5
 Irradiate                Conj/Tmut      0%         3d11      100%        5
 Metabolic Englaciation   Hex/Ice        0%         N/A       100%        5
 Silence                  Hex/Air        0%         N/A       100%        5
 Enfeeble                 Hex            0%         N/A       100%        7


Dungeon Overview and Level Annotations

Branches:
Dungeon (9/15) Zot: 664    Temple (0/1) D:6            Lair (5/5) D:8 Zot: 1936
  Sewer (visited)          Bailey (visited)
  Swamp: Lair:2-3    Shoals: Lair:2-3     Snake: Lair:2-3    Spider: Lair:2-3
  Slime: Lair:4-5       Orc: D:9-12

Altars:
Cheibriados
Dithmenos
Gozag
Makhleb
Uskayaw

Shops:
D:7 *

Annotations:
Lair:3 1 runed translucent door, chud's ghost, journeyman HuWn


Innate Abilities, Weirdness & Mutations

You are a tree.
Your roots penetrate the ground, keeping you stationary.
You cannot be teleported.
You are immune to unholy pain and torment.
Your maximum health is greatly increased.
Your equipment is partially melded.
You passively map the area around you.
You are easily found by Zot.
You glow in the dark.
You regain HP and MP as you explore.


Message History

* * * LOW MAGIC WARNING * * *
* * * LOW HITPOINT WARNING * * *
The blink frog blinks!
You smack the black mamba!
The black mamba is severely wounded.
The black mamba bites you but does no damage.
The wolf bites you but does no damage.
The komodo dragon bites you but does no damage.
The black mamba bites you but does no damage.
The blink frog blinks!
The wolf bites you.
* * * LOW HITPOINT WARNING * * *
Unknown command.
You completely miss the black mamba. Your punch misses the black mamba.
The black mamba is severely wounded.
The black mamba bites you but does no damage.
The wolf bites you but does no damage. The komodo dragon bites you!
* * * LOW MAGIC WARNING * * *
* * * LOW HITPOINT WARNING * * *
Unknown command.
You smack the black mamba!
The black mamba is almost dead.
The black mamba bites you but does no damage.
The wolf bites you but does no damage.
The blink frog blinks!
Unknown command.
You hit the black mamba.
You kill the black mamba!
Makhleb accepts your kill.
You feel better. The wolf bites you.
* * * LOW HITPOINT WARNING * * *
The komodo dragon bites you!
* * * LOW MAGIC WARNING * * *
* * * LOW HITPOINT WARNING * * *
The wolf barely misses you.
Unknown command.
Unknown command.
You smack the komodo dragon!
The komodo dragon is moderately wounded.
The komodo dragon bites you!
* * * LOW MAGIC WARNING * * *
You die...

, ,, ** , *#... , , ,,,
#######,, ,##... ,, ,
*#.....# #.... ,,
*#.....# ###, #.... ,,
,(. * .....# ..., *#...
,, .... *.....#.... #...
, ..... #......... ###...
,, .....##h†.#.#...
##..... , *
......†♣#....... #......
......l#...#, ##...... ,
, * ...).F...###
*###..).... *
.........######.........
*........................
*........................
,* ,,
,P.......................
, ,,
..§.....................
, , ,
.......................


You could see a komodo dragon, a blink frog and a wolf.

Vanquished Creatures
  A hydra (Lair:5)
  A catoblepas (Lair:5)
  2 two-headed ogres
  A boulder beetle (Lair:3)
  A skyshark (Lair:5)
  A wolf spider (Lair:5)
  12 elephants
  2 black mambas
  2 cane toads
  Maggie (D:9)
  2 komodo dragons
  A rime drake (Lair:1)
  Prince Ribbit (D:9)
  A polar bear (Lair:3)
  5 blink frogs (Lair:5)
  A wraith (D:9)
  38 yaks
  3 spriggans (Bailey)
  A wyvern (Lair:1)
  2 humans (D:6)
  A steam dragon (D:7)
  2 basilisks
  An acid dragon (Bailey)
  5 water moccasins
  2 sky beasts
  Pargi (Sewer)
  4 orc warriors
  A black bear (D:6)
  An ice beast (D:8)
  6 wolves (Lair:1)
  8 ogres
  4 centaurs
  2 phantoms
  2 kobold brigands
  8 bullfrogs
  4 scorpions
  14 wights
  3 killer bees (D:7)
  2 hounds
  6 orc priests
  5 gnoll boudas
  An iguana (D:4)
  11 orc wizards
  Robin (D:2)
  21 gnolls
  9 adders
  A white imp (D:6)
  An ufetubus (D:7)
  3 worms
  3 dart slugs (D:1)
  32 orcs
  2 ball pythons (D:2)
  9 endoplasms
  7 giant cockroaches
  15 goblins
  12 hobgoblins
  7 jackals
  12 kobolds
  4 quokkas
  9 bats
  6 rats
327 creatures vanquished.

Notes
Turn   | Place    | Note
-------+----------+-------------------------------------------
     0 | D:1      | lunkers the Meteoran Shapeshifter began the quest for the
                  | Orb.
     0 | D:1      | Reached XP level 1. HP: 17/17 MP: 2/2
   120 | D:1      | Reached XP level 2. HP: 24/24 MP: 3/3
   231 | D:1      | Reached XP level 3. HP: 29/29 MP: 4/4
   378 | D:2      | Noticed Robin
   407 | D:2      | Reached XP level 4. HP: 26/36 MP: 5/5
   415 | D:2      | Killed Robin
   494 | D:2      | Reached skill level 5 in Unarmed Combat
   576 | D:2      | Reached XP level 5. HP: 41/41 MP: 6/6
   760 | D:2      | Found a hide-covered altar of Uskayaw.
  1004 | D:3      | Found a glowing drain.
  1070 | Sewer    | Entered a sewer
  1093 | Sewer    | Noticed Pargi
  1108 | Sewer    | Killed Pargi
  1109 | Sewer    | Reached XP level 6. HP: 31/48 MP: 4/7
  1157 | D:3      | Found a shadowy altar of Dithmenos.
  1546 | D:4      | Found a burning altar of Makhleb.
  1584 | D:4      | Reached XP level 7. HP: 55/55 MP: 8/8
  1616 | D:4      | Became a worshipper of Makhleb the Destroyer
  2108 | D:5      | Entered Level 5 of the Dungeon
  2160 | D:5      | Reached XP level 8. HP: 56/61 MP: 9/9
  2168 | D:5      | Found a snail-covered altar of Cheibriados.
  2274 | D:5      | Reached skill level 10 in Unarmed Combat
  2280 | D:5      | Reached * piety under Makhleb
  2851 | D:6      | Found an opulent altar of Gozag.
  2943 | D:6      | Noticed a human
  2948 | D:6      | Killed a human
  2949 | D:6      | Reached skill level 1 in Invocations
  2949 | D:6      | Gained mutation: You passively map the area around you.
                  | [Meteoran growth]
  2949 | D:6      | Reached XP level 9. HP: 68/68 MP: 10/10
  2965 | D:6      | Reached skill level 1 in Armour
  2965 | D:6      | Reached skill level 2 in Invocations
  3261 | D:7      | Reached skill level 3 in Invocations
  3305 | D:7      | Reached skill level 4 in Invocations
  3306 | D:7      | Identified the +11 spear of the Magi {heavy, Fragile Str+4
                  | Int+8 Stlth-}
  3439 | D:7      | Found Waseurchen's General Store.
  3442 | D:7      | Reached skill level 5 in Invocations
  3449 | D:7      | Reached ** piety under Makhleb
  3450 | D:7      | Reached skill level 5 in Fighting
  3455 | D:7      | Reached XP level 10. HP: 60/81 MP: 9/14
  3486 | D:7      | Reached skill level 5 in Armour
  3675 | D:8      | Reached skill level 6 in Invocations
  3716 | D:8      | Found a flagged portal.
  3735 | D:7      | Reached skill level 7 in Invocations
  3860 | D:8      | Reached skill level 8 in Invocations
  3899 | D:8      | Reached skill level 9 in Invocations
  3924 | D:8      | Reached XP level 11. HP: 27/95 MP: 5/19
  3939 | D:8      | Reached skill level 10 in Invocations
  3964 | D:8      | Reached *** piety under Makhleb
  4047 | Bailey   | Entered a bailey
  4090 | Bailey   | Noticed a two-headed ogre
  4103 | Bailey   | Killed a two-headed ogre
  4104 | Bailey   | Reached skill level 10 in Fighting
  4104 | Bailey   | Reached skill level 11 in Invocations
  4179 | Bailey   | Identified the +9 ice dragon scales of Enudesoq {Harm rF-
                  | rC++ Str+6}
  4270 | D:8      | Found a staircase to the Lair.
  4345 | D:9      | Noticed Maggie
  4357 | D:9      | Killed Maggie
  4407 | D:9      | Noticed a two-headed ogre
  4420 | D:9      | Killed a two-headed ogre
  4421 | D:9      | Reached skill level 12 in Invocations
  4539 | D:9      | Reached XP level 12. HP: 108/108 MP: 22/22
  4553 | D:9      | Reached **** piety under Makhleb
  4640 | D:9      | Noticed Prince Ribbit
  4660 | D:9      | Killed Prince Ribbit
  4866 | Lair:1   | Entered Level 1 of the Lair of Beasts
  4988 | Lair:1   | Reached skill level 5 in Dodging
  5116 | Lair:1   | Reached skill level 13 in Invocations
  5391 | Lair:2   | Reached ***** piety under Makhleb
  5415 | Lair:3   | Noticed chud's ghost (journeyman HuWn)
  5415 | Lair:3   | Found a runed translucent door.
  5423 | Lair:2   | Reached XP level 13. HP: 105/117 MP: 24/24
  5438 | Lair:3   | Noticed a boulder beetle
  5518 | Lair:3   | Noticed a boulder beetle
  5546 | Lair:3   | Killed a boulder beetle
  5562 | Lair:4   | Reached skill level 14 in Invocations
  5664 | Lair:5   | Entered Level 5 of the Lair of Beasts
  5664 | Lair:5   | Noticed an eight-headed hydra
  5675 | Lair:5   | Killed an eight-headed hydra
  5826 | Lair:5   | Noticed a seven-headed hydra
  5835 | Lair:5   | Noticed a catoblepas
  5844 | Lair:5   | Killed a catoblepas
  5901 | Lair:5   | HP: 6/122 [blink frog (6)]
  5943 | Lair:5   | Reached skill level 15 in Invocations
  5949 | Lair:5   | HP: 9/183 [komodo dragon (9)]
  5951 | Lair:5   | HP: 4/183 [komodo dragon (10)]
  5952 | Lair:5   | Slain by a komodo dragon

Illustrated notes

Levels and vault maps discovered:
D:1:      amcnicky_arrival_gap_in_the_tavern_cellar, layout_basic
D:2:      layout_loops_ring, basic_altar, serial_bayou_crossing, uniq_robin
D:3:      layout_loops_cross, nicolae_dithmenos_the_darkroom,
          portal_sewer_entry_f
D:4:      layout_loops_corners, mainiacjoe_overflow_brackets,
          doesnt_xom_only_xom, uniq_eustachio
D:5:      layout_basic, slow_altar_1, nicolae_titane
D:6:      layout_cave_pods, mainiacjoe_overflow_paths,
          minmay_temple_entry_overgrown, minmay_ruffians
D:7:      layout_cave_pools, serial_shops, nicolae_shop_stone,
          supply_closet_lemuel
D:8:      layout_cave_pools, lemuel_mausoleum_altar_yredelemnul,
          grunt_lair_entry_orc_guard_hut, enter_bailey_5, minmay_door_square,
          grunt_decor_one_mirror
D:9:      layout_loops_ring, zin_statuary, hangedman_decor_riveting,
          minmay_misc_feat_plants, roderic_roman_lattice, uniq_maggie,
          uniq_prince_ribbit1
Lair:1:   layout_cave_pods
Lair:2:   dragon1_lemuel, layout_regular_city, minmay_shoals_entry_beasts,
          spider_nest_entry_a, uniq_harold
Lair:3:   minmay_lair_oklob_tunnel, layout_gridlike, gammafunk_ghost_grave,
          uniq_fannar
Lair:4:   layout_gridlike, guppyfry_lair_drakes
Lair:5:   hangedman_lair_in_review, layout_regular_city, slime_entry_1

Skill      XL: |  1  2  3  4  5  6  7  8  9 10 11 12 13 |
---------------+----------------------------------------+-----
Unarmed Combat | 3 4 5 7 8 9 12 | 12.0
Invocations    | 1 5 9 12 13 15 | 15.1
Fighting       | 5 8 10 11 13 | 13.1
Armour         | 4 5 8 |  8.0
Dodging        | 3 6 9 |  9.4
Shapeshifting  | |  3.6

Action                     |  1- 3 |  4- 6 |  7- 9 | 10-12 | 13-15 || total
---------------------------+-------+-------+-------+-------+-------++-------
  Melee: Unarmed           |    74 |   157 |   243 |   598 |   225 ||  1297
         Punch             |     2 |     7 |    23 |    51 |    26 ||   109
    Use: Scroll            |       |       |     9 |     6 |     1 ||    16
         Potion            |       |       |       |     1 |     2 ||     3
   Stab: Petrified         |       |       |       |       |     6 ||     6
 Armour: Animal skin       |    11 |     7 |       |       |       ||    18
         Chain mail        |       |    59 |   163 |   409 |   193 ||   824
         Skin              |       |       |       |       |    44 ||    44
  Dodge: Dodged            |    34 |    67 |    68 |   248 |   137 ||   554

Table legend: (Time is in decaauts)
 A = Elapsed time spent in this place.
 B = Non-inter-level travel time spent in this place.
 C = Inter-level travel time spent in this place.
 D = Time resting spent in this place.
 E = Time spent auto-exploring this place.
 F = Levels seen in this place.
 G = Mean time per level.
                   A        B        C        D        E       F      G
               +--------+--------+--------+--------+--------+-----+--------+
         Total |   6093 |   5754 |    339 |      0 |   3410 |  16 |  380.8 |
       Dungeon |   4735 |   4396 |    339 |      0 |   2923 |   9 |  526.1 |
          Lair |   1062 |   1062 |      0 |      0 |    424 |   5 |  212.4 |
         Sewer |     84 |     84 |      0 |      0 |     45 |   1 |   84.0 |
        Bailey |    211 |    211 |      0 |      0 |     17 |   1 |  211.0 |
               +--------+--------+--------+--------+--------+-----+--------+

Top non-repeatable levels by time:
     D:5: 762 daAuts
     D:4: 708 daAuts
     D:2: 636 daAuts
     D:7: 507 daAuts
     D:9: 468 daAuts
     D:6: 459 daAuts
     D:8: 447 daAuts
     D:3: 384 daAuts
     D:1: 362 daAuts
  Lair:1: 317 daAuts
  Lair:5: 281 daAuts
  Lair:2: 268 daAuts
  Bailey: 211 daAuts
  Lair:4: 108 daAuts
  Lair:3: 87 daAuts
